 Dungeon Crawl Stone Soup version 0.23.2-40-g277498a001 (webtiles) character file.

Game seed: 18293841519749297128

86 EWolf27 the Cutter (level 4, 0/29 HPs)
             Began as a Halfling Warper on Sept 22, 2019.
             Succumbed to Terence's poison
             ... on level 2 of the Dungeon.
             The game lasted 00:11:01 (2864 turns).

EWolf27 the Cutter (Halfling Warper)                Turns: 2864, Time: 00:11:01

Health: 0/29       AC:  3    Str: 12    XL:     4   Next: 77%
Magic:  6/6        EV: 15    Int: 11    God:
Gold:   101        SH:  0    Dex: 14    Spells: 4/6 levels left

rFire    . . .     SeeInvis .   a - +0 short sword
rCold    . . .     Gourm    .   (shield restricted)
rNeg     . . .     Faith    .   l - +0 leather armour {rPois}
rPois    +         Spirit   .   (no helmet)
rElec    .         Reflect  .   (no cloak)
rCorr    .         Harm     .   (no gloves)
MR       .....                  (no boots)
Stlth    +.........             (no amulet)
HPRegen  0.09/turn              (no ring)
MPRegen  0.10/turn              (no ring)

@: lethally poisoned (0 -> -7)
A: small, mutation resistance 1
a: no special abilities


You were on level 2 of the Dungeon.
You were not hungry.

You visited 1 branch of the dungeon, and saw 3 of its levels.

You collected 101 gold pieces.

Inventory:

Hand Weapons
 a - a +0 short sword (weapon)
Missiles
 b - 8 silver tomahawks
 e - 5 tomahawks of dispersal (quivered)
 k - 57 stones
 s - 10 sling bullets
Armour
 l - a +0 leather armour of poison resistance (worn)
Jewellery
 i - an uncursed ring of positive energy {unknown}
Scrolls
 c - 4 scrolls of identify {unknown}
 d - a scroll of blinking
 g - 3 scrolls of teleportation {unknown}
 j - 2 scrolls of immolation {unknown}
 m - a scroll of remove curse {unknown}
 o - a scroll of enchant armour {unknown}
 p - a scroll of noise {unknown}
Potions
 h - a potion of mutation {unknown}
 n - a potion of agility {unknown}
 q - a potion of curing {unknown}
 r - a potion of haste {unknown}
Comestibles
 f - 4 rations
 t - 6 chunks of flesh


   Skills:
 - Level 1.7 Fighting
 * Level 4.4 Short Blades
 - Level 1.0 Throwing
 - Level 1.1 Armour
 + Level 3.2 Dodging
 - Level 1.5 Spellcasting
 + Level 3.7 Translocations


You had 4 spell levels left.
You knew the following spells:

 Your Spells              Type           Power        Failure   Level  Hunger
a - Blink                 Tloc           N/A          13%         2    ###....

Your spell library contained the following spells:

 Spells                   Type           Power        Failure   Level  Hunger
 Shroud of Golubria       Chrm/Tloc      #.........   26%         2    ###....
 Gell's Gravitas          Tloc           #.........   26%         3    ####...
 Lesser Beckoning         Tloc           #.........   26%         3    ####...
 Teleport Other           Tloc           #.......     26%         3    ####...
 Passage of Golubria      Tloc           N/A          63%         4    #####..


Dungeon Overview and Level Annotations

Branches:
Dungeon (3/15)

Altars:
Hepliaklqana
Uskayaw

Annotations:
D:2 Terence
D:3 1 runed translucent door, Crazy Yiuf


Innate Abilities, Weirdness & Mutations

You are small and have problems with some larger weapons.
You are somewhat resistant to further mutation.


Message History

You feel sick.
You feel sick.
Terence hits you with a +3 flail of venom.
You feel sick.
You feel sick.
Blink to where?
Press: ? - help, Dir - move target cursor, f - you
Okay, then.
You see here a +0 club.
You feel sick.
You are no longer poisoned.
Terence hits you with a +3 flail of venom.
* * * LOW HITPOINT WARNING * * *
You are lethally poisoned!
* * * LOW HITPOINT WARNING * * *
You feel sick.
There is a stone staircase leading up here.
There is a lethal amount of poison in your body!
There is a lethal amount of poison in your body!
You die...

#.........# #......[..#
#.........#
###.........#
#...........#
......#.........#######
..######)######........#
......#@.# #........#
#......@#######........#
#.####
#......................#
#.#..
...###..#######........#
.... ## #..## #....>...#
#.. ####..### #........#
#.# ##.......#
####.##### ##.#
#..#####.### #.# ##..#
##.## #...#######.#
(...# #..# ###......##.#


You could see Terence.

Vanquished Creatures
  Robin (D:3)
  2 adders (D:2)
  An ooze (D:3)
  2 worms (D:2)
  3 dart slugs
  2 ball pythons (D:1)
  3 bats
  2 giant cockroaches
  5 goblins
  8 hobgoblins
  3 jackals (D:1)
  A quokka (D:3)
  4 kobolds
  3 rats (D:1)
40 creatures vanquished.

Notes
Turn   | Place    | Note
-------+----------+-------------------------------------------
     0 | D:1      | EWolf27 the Halfling Warper began the quest for the Orb.
     0 | D:1      | Reached XP level 1. HP: 14/14 MP: 3/3
   526 | D:1      | Reached skill level 3 in Short Blades
   526 | D:1      | Reached XP level 2. HP: 19/19 MP: 4/4
  1136 | D:1      | Learned a level 2 spell: Blink
  1197 | D:1      | Reached XP level 3. HP: 24/24 MP: 5/5
  2019 | D:2      | Reached skill level 4 in Short Blades
  2063 | D:2      | Reached XP level 4. HP: 29/29 MP: 6/6
  2566 | D:3      | Noticed a +0 hand axe
  2568 | D:3      | Noticed a +0 hand axe
  2569 | D:3      | Found a hide-covered altar of Uskayaw.
  2654 | D:3      | Found a runed translucent door.
  2654 | D:3      | Noticed Robin
  2657 | D:3      | Noticed Crazy Yiuf
  2668 | D:3      | Killed Robin
  2765 | D:3      | Found a hazy altar of Hepliaklqana.
  2771 | D:3      | Noticed Terence
  2863 | D:2      | HP: 1/29 [poisoned by Terence]
  2864 | D:2      | Succumbed to Terence's poison

Skill      XL: |  1  2  3 |
---------------+----------+-----
Short Blades   | 3 4 |  4.4
Dodging        | 3 |  3.2
Fighting       | |  1.7
Throwing       | |  1.0
Armour         | |  1.1
Spellcasting   | |  1.5
Translocations | |  3.7

Action                   |  1- 3 |  4- 6 || total
-------------------------+-------+-------++-------
Melee: Short sword       |   126 |    89 ||   215
 Cast: Blink             |     1 |     2 ||     3
  Eat: Chunk             |     4 |       ||     4
       Ration            |       |     1 ||     1
Armor: Leather armour    |    19 |    13 ||    32
Dodge: Dodged            |   100 |    62 ||   162
